 Dungeon Crawl Stone Soup version 0.26-a0-113-gd8a95b691d (webtiles) character file.

Game seed: 1074831576326220717

0 Gargoyl the Skirmisher (level 1, 0/19 HPs)
             Began as a Centaur Abyssal Knight on June 27, 2020.
             Was a Follower of Lugonu.
             Slain by a spatial maelstrom (3 damage)
             ... summoned by a glowing orange brain
             ... on level 4 of the Abyss.
             The game lasted 00:00:44 (132 turns).

Gargoyl the Skirmisher (Centaur Abyssal Knight)      Turns: 132, Time: 00:00:45

Health: 0/19       AC:  6    Str: 14    XL:     1   Next: 0%
Magic:  1/1        EV:  7    Int: 11    God:    Lugonu [*.....]
Gold:   30         SH:  0    Dex:  8    Spells: 0/0 levels left

rFire    . . .     SeeInvis .   a - +1 hand axe
rCold    . . .     Faith    .   (no shield)
rNeg     . . .     Spirit   .   d - +0 scale mail (curse)
rPois    .         Reflect  .   (no helmet)
rElec    .         Harm     .   (no cloak)
rCorr    .         Rnd*Rage +   (no gloves)
MR       .....                  (no barding)
Stlth    ..........             (no amulet)
HPRegen  0.06/turn              (no ring)
MPRegen  0.07/turn              (no ring)

@: very quick
A: large, hooves 3, [berserk 2], deformed body, speed 2, [low mp 3], tough skin
3
a: Depart the Abyss, Renounce Religion


You were on level 4 of the Abyss.
You worshipped Lugonu.
Lugonu was aware of your devotion.
You were not hungry.

You visited 0 branches of the dungeon, and saw 0 of its levels.
You visited the Abyss 1 time.

You collected 30 gold pieces.

Inventory:

Hand Weapons
 a - a +1 hand axe (weapon)
Armour
 b - a +0 leather armour
 d - a cursed +0 scale mail (worn)
Comestibles
 c - 2 rations


   Skills:
 + Level 3.0 Fighting
 + Level 1.7 Axes
 + Level 1.3 Armour
 + Level 0.6 Dodging
 + Level 2.0 Invocations


You couldn't memorise any spells.
You didn't know any spells.
Your spell library contained the following spells:

 Spells                   Type           Power        Failure   Level  Hunger
 Summon Small Mammal      Summ           #...         83%         1    ##.....
 Call Canine Familiar     Summ           #.......     99%         3    ####...
 Summon Demon             Summ           #.........   100%        5    ######.
 Summon Hydra             Summ           #.........   100%        7    #######


Dungeon Overview and Level Annotations

Branches:
Dungeon (0/15)

Altars:


Innate Abilities, Weirdness & Mutations

You have hooves in place of feet.
Armour fits poorly on your strangely shaped body.
You cover ground very quickly.
You have extremely tough skin. (AC +3)
[You often lose your temper in combat.]
[Your magical capacity is extremely low. (-30% MP)]


Message History

The glowing orange brain is heavily wounded.
A spatial vortex comes into view.
You hit the glowing orange brain. You kick the glowing orange brain.
The glowing orange brain is heavily wounded.
You closely miss the wretched star. The spatial maelstrom hits you!
Ouch! That really hurt!
Space bends around you.
* * * LOW HITPOINT WARNING * * *
The spatial maelstrom barely misses you.
Your scale mail prevents you from hitting the glowing orange brain.
You kick the glowing orange brain!
The glowing orange brain is severely wounded.
You hit the wretched star but do no damage.
You hit the spatial maelstrom.
The spatial maelstrom barely misses you. x2
Unknown command.
You barely miss the glowing orange brain.
The glowing orange brain is severely wounded.
You barely miss the wretched star. The spatial maelstrom hits you.
You die...

##.. #.. .
........ ... # ##
.#..#.∩.#.. #
.#...#..##.#
#..##.##.......
#....?...##..#.#
. #...#.#.#.... #
.. .#......#.## #
##..#_#.v@..# . #
#.G#*## ..
.......... ..
.................
######.v..#.#..#
......#.##..
.......##.# #
..#..##.. ...
...... .#. .#


You could see a spatial maelstrom (summoned), a wretched star, a glowing orange
brain and a spatial vortex.

Vanquished Creatures (others)
  4 starspawn tentacles (Abyss:2)
4 creatures vanquished.

Notes
Turn   | Place    | Note
-------+----------+-------------------------------------------
     0 | Abyss:1  | Gargoyl the Centaur Abyssal Knight began the quest for the
                  | Orb.
     0 | Abyss:1  | Reached XP level 1. HP: 19/19 MP: 2/2
    44 | Abyss:2  | Noticed a small abomination
    51 | Abyss:2  | Noticed a tentacled starspawn
    51 | Abyss:2  | Noticed a quasit
    68 | Abyss:2  | Identified the Compendium of Companions
    87 | Abyss:3  | Noticed a small abomination
    93 | Abyss:3  | Noticed a large abomination
   118 | Abyss:4  | Found a corrupted altar of Lugonu.
   124 | Abyss:4  | Noticed a glowing orange brain
   124 | Abyss:4  | Noticed a wretched star
   129 | Abyss:4  | Noticed a spatial maelstrom
   130 | Abyss:4  | Noticed a spatial vortex
   132 | Abyss:4  | Slain by a spatial maelstrom

Illustrated notes

Levels and vault maps discovered:
Abyss:4:  evilmike_abyss_exit_10, nicolae_abyss_rune_star_stuff

Action                   || total
-------------------------++-------
Melee: Hand axe          ||     8
       Kick              ||     5
  Use: Scroll            ||     3
Dodge: Dodged            ||     3

Table legend:
 A = Non-vault XP
 B = Vault XP
 C = Vault XP percentage of total XP
 D = Non-vault monster count
 E = Vault monster count
 F = Vault count percentage of total count
                 A         B        C        D         E       F
            +---------+---------+-------+---------+---------+-------
      Total |       0 |       0 |   N/A |       0 |       0 |  -nan
            +---------+---------+-------+---------+---------+-------
            +---------+---------+-------+---------+---------+-------
